 Dungeon Crawl Stone Soup version 0.27-a0-1381-g81fdcbfb23 (webtiles) character file.

Game seed: 11523197251053998248

729 Nattfarinn the Stinger (level 7, 0/36 HPs)
             Began as a Deep Elf Venom Mage on June 30, 2021.
             Slain by a water moccasin (9 damage)
             ... on level 5 of the Dungeon.
             The game lasted 00:06:39 (5707 turns).

Nattfarinn the Stinger (Deep Elf Venom Mage)        Turns: 5707, Time: 00:06:40

Health: 0/36       AC:  2    Str:  5    XL:     7   Next: 44%
Magic:  6/19       EV: 17    Int: 22    God:
Gold:   268        SH:  0    Dex: 15    Spells: 11/19 levels left

rFire    . . .     SeeInvis .   (no weapon)
rCold    . . .     Faith    .   (no shield)
rNeg     . . .     Spirit   .   a - +0 robe
rPois    .         Reflect  .   (no helmet)
rElec    .         Harm     .   (no cloak)
rCorr    +         Rampage  .   (no gloves)
Will     .....                  (no boots)
Stlth    ++........             (no amulet)
HPRegen  0.12/turn              e - +4 ring of evasion
MPRegen  0.16/turn              p - ring of resist corrosion

@: very slightly contaminated
A: no striking features
a: no special abilities


You were on level 5 of the Dungeon.
You visited 1 branch of the dungeon, and saw 5 of its levels.

You collected 268 gold pieces.

Inventory:

Missiles
 g - 8 atropa-tipped darts
 n - 2 throwing nets
Armour
 a - a +0 robe (worn)
Jewellery
 e - a +4 ring of evasion (left hand)
 p - a ring of resist corrosion (right hand)
Wands
 j - a wand of iceblast (12)
Scrolls
 c - 3 scrolls of brand weapon
 h - a scroll of blinking
 i - a scroll of amnesia {unknown}
 k - a scroll of magic mapping {unknown}
 m - a scroll of enchant weapon {unknown}
 o - a scroll of teleportation {unknown}
 q - a scroll of enchant armour {unknown}
Potions
 b - 4 potions of curing
 d - 2 potions of flight {unknown}
 f - a potion of ambrosia
 l - a potion of invisibility {unknown}


   Skills:
 * Level 4.3 Dodging
 - Level 2.4 Stealth
 + Level 6.8 Spellcasting
 - Level 1.1 Transmutations
 - Level 7.3 Poison Magic


You had 11 spell levels left.
You knew the following spells:

 Your Spells              Type           Power      Damage    Failure   Level
a - Sting                 Tmut/Pois      100%       1d8       1%          1
b - Olgreb's Toxic Radia  Pois           40%        N/A       4%          4
c - Ignite Poison         Fire/Tmut/Pois 20%        N/A       8%          3

Your spell library contained the following spells:

 Spells                   Type           Power      Damage    Failure   Level
 Poisonous Vapours        Pois/Air       46%        N/A       2%          2
 Mephitic Cloud           Conj/Pois/Air  18%        N/A       9%          3


Dungeon Overview and Level Annotations

Branches:
Dungeon (5/15)
 Temple: D:4-7

Altars:
Fedhas
Xom
The Shining One

Shops:
D:1 ?   D:5 *


Message History

The spell is quite dangerous to cast (4% risk of failure)!
Continue anyway?
You begin to radiate toxic energy.
The scorpion is poisoned.
A water moccasin comes into view.
Your toxic aura wanes.
The water moccasin hisses angrily.
The white imp gestures at you. The puff of frost hits you.
Found a robe.
The sting hits the scorpion!
The scorpion looks even sicker.
The scorpion is severely wounded.
The scorpion closely misses you.
The sting hits the scorpion.
The scorpion looks even sicker.
You kill the scorpion!
Your Dodging skill increases to level 4!
The sting hits the water moccasin.
The water moccasin partially resists.
The water moccasin is lightly wounded.
The sting hits the water moccasin.
The water moccasin partially resists.
The water moccasin is moderately wounded.
The water moccasin completely misses you.
You miscast Sting.
You are very lightly contaminated with residual magic.
Nothing appears to happen.
The white imp picks up a beetle and eats it.
The white imp gestures at you. The puff of frost hits you!
The water moccasin closely misses you.
The sting misses the water moccasin.
The water moccasin bites you. The white imp barely misses you.
The water moccasin barely misses you.
The sting hits the water moccasin.
The water moccasin is poisoned.
The water moccasin is moderately wounded.
The white imp barely misses you. The water moccasin closely misses you.
Casting: Sting (safe; 1% risk of failure)
Confirm with . or Enter, or press ? or * to list all spells.
You ignite the poison in your surroundings!
The water moccasin seems to burn from within!
The water moccasin is almost dead.
The water moccasin bites you! The white imp hits you.
The white imp freezes you.
* * * LOW HITPOINT WARNING * * *
The water moccasin bites you!
You die...

#.#...........
#.............
#.............
#.............
##.............
##..............
#..#.....†......
#..##...@S.....[ .
#.....|.5).....
..#..#........... .....
.................
..........#.#.#.......##
.......$.........######
....(...#.#.#..###
...............#
....Y.#.#.#.#..#


You could see a water moccasin and a white imp.

Vanquished Creatures
  2 ogres
  5 scorpions
  An orc priest (D:5)
  Terence (D:2)
  2 orc wizards (D:5)
  A hound zombie (D:5)
  4 adders
  3 gnolls (D:4)
  2 white imps
  An adder skeleton (D:4)
  A worm (D:3)
  3 dart slugs
  2 orcs (D:5)
  4 bats
  7 endoplasms
  3 giant cockroaches
  6 goblins
  5 hobgoblins
  2 jackals (D:3)
  6 kobolds
  2 quokkas
  4 ball pythons
  3 frilled lizards
  5 rats (D:2)
75 creatures vanquished.

Vanquished Creatures (others)
  An orc (D:3)
  A giant cockroach (D:3)
  A goblin (D:3)
  A hobgoblin (D:3)
  A quokka (D:3)
  2 kobolds (D:3)
  A rat (D:3)
8 creatures vanquished.

Grand Total: 83 creatures vanquished

Notes
Turn   | Place    | Note
-------+----------+-------------------------------------------
     0 | D:1      | Nattfarinn the Deep Elf Venom Mage began the quest for the
                  | Orb.
     0 | D:1      | Reached XP level 1. HP: 10/10 MP: 6/6
   217 | D:1      | Found Wuuguimu's Magic Scroll Shoppe.
   454 | D:1      | Reached XP level 2. HP: 15/15 MP: 5/8
   977 | D:2      | Reached skill level 4 in Poison Magic
  1156 | D:2      | Reached XP level 3. HP: 13/19 MP: 6/10
  1281 | D:2      | Noticed a scorpion
  1289 | D:2      | Killed a scorpion
  1290 | D:2      | Reached skill level 5 in Poison Magic
  1290 | D:2      | Reached XP level 4. HP: 21/24 MP: 7/12
  1615 | D:2      | Noticed Terence
  1630 | D:2      | Killed Terence
  2051 | D:2      | Reached XP level 5. HP: 28/28 MP: 12/14
  2393 | D:3      | Noticed an ogre
  2420 | D:3      | Killed an ogre
  2421 | D:3      | Reached skill level 5 in Spellcasting
  2421 | D:3      | Reached skill level 6 in Poison Magic
  2896 | D:3      | Found a shimmering altar of Xom.
  3433 | D:3      | Found a blossoming altar of Fedhas.
  3448 | D:3      | Reached XP level 6. HP: 12/32 MP: 9/16
  3786 | D:3      | Learned a level 4 spell: Olgreb's Toxic Radiance
  3790 | D:3      | Learned a level 3 spell: Ignite Poison
  3892 | D:4      | Found a glowing golden altar of the Shining One.
  3974 | D:4      | Reached skill level 7 in Poison Magic
  4925 | D:4      | Reached XP level 7. HP: 36/36 MP: 8/18
  5022 | D:5      | Entered Level 5 of the Dungeon
  5426 | D:5      | Found Doofriov's Assorted Antiques.
  5707 | D:5      | Slain by a water moccasin

Illustrated notes

Levels and vault maps discovered:
D:1:      dpeg_arrival_line_fractal, layout_loops_ring, serial_shops, shop
D:2:      layout_basic, uniq_terence
D:3:      layout_loops_corners, fedhas_altar_fruit_tree, xom_confusion_cloud,
          grunt_ministairs_12, serial_park_tiny_1
D:4:      layout_cave_pods, overflow_temple_1_default
D:5:      layout_cave_pods, minmay_temple_entry_gardened_gates, serial_shops,
          nicolae_shop_behind_doors, nicolae_square_shop, shop,
          hangedman_decor_riveting

Skill      XL: |  1  2  3  4  5  6  7 |
---------------+----------------------+-----
Poison Magic   | 4 5 6 7 |  7.3
Spellcasting   | 4 5 6 |  6.8
Dodging        | 4 |  4.3
Stealth        | |  2.4
Transmutations | |  1.1

Action                   |  1- 3 |  4- 6 |  7- 9 || total
-------------------------+-------+-------+-------++-------
Melee: Unarmed           |       |     1 |       ||     1
 Cast: Sting             |    43 |    86 |    34 ||   163
       Olgreb's Toxic Ra |       |     2 |     3 ||     5
       Ignite Poison     |       |     2 |     3 ||     5
  Use: Scroll            |     3 |     1 |     1 ||     5
Armor: Robe              |     1 |     3 |     1 ||     5
Dodge: Dodged            |     7 |    21 |    26 ||    54

Table legend: (Time is in decaauts)
 A = Elapsed time spent in this place.
 B = Non-inter-level travel time spent in this place.
 C = Inter-level travel time spent in this place.
 D = Time resting spent in this place.
 E = Time spent auto-exploring this place.
 F = Levels seen in this place.
 G = Mean time per level.
                   A        B        C        D        E       F      G
               +--------+--------+--------+--------+--------+-----+--------+
         Total |   5710 |   5570 |    140 |    685 |   4462 |   5 | 1142.0 |
       Dungeon |   5710 |   5570 |    140 |    685 |   4462 |   5 | 1142.0 |
               +--------+--------+--------+--------+--------+-----+--------+

Top non-repeatable levels by time:
     D:3: 1669 daAuts
     D:4: 1224 daAuts
     D:2: 1194 daAuts
     D:1: 951 daAuts
     D:5: 670 daAuts
